 Dungeon Crawl Stone Soup version 0.26-a0-812-g31a745ddcd (webtiles) character file.

Game seed: 3801176140639163197

3878 Lanoc the Arsonist (level 10, -8/75 HPs)
             Began as a Deep Dwarf Fire Elementalist on Nov 26, 2020.
             Was a Believer of Ashenzari.
             Killed by the air
             ... invoked by Gastronok
              (30 damage)
             ... on level 9 of the Dungeon.
             The game lasted 00:15:39 (9791 turns).

Lanoc the Arsonist (Deep Dwarf Fire Elementalist)   Turns: 9791, Time: 00:15:39

Health: -8/75      AC:  8    Str: 12      XL:     10   Next: 0%
Magic:  7/10       EV: 15    Int: 14 (17) God:    Ashenzari [**....]
Gold:   517        SH:  0    Dex: 10 (13) Spells: 2/12 levels left

rFire    . . .     SeeInvis .   x - +4 quarterstaff (chaos) (curse)
rCold    + . .     Faith    .   (shield currently unavailable)
rNeg     . . .     Spirit   .   l - +3 leather armour
rPois    +         Reflect  .   (no helmet)
rElec    .         Harm     .   y - +0 cloak
rCorr    .         Rampage  .   q - +0 pair of gloves
MR       +....                  (no boots)
Stlth    ++........             (no amulet)
HPRegen  0.00/turn              a - ring of poison resistance
MPRegen  0.12/turn              (no ring)

@: non-regenerating, slowed, very slow
A: damage resistance, heal wounds, talons 1, cold resistance 1, dopey 1, sense
surroundings 2, no regeneration
a: Heal Wounds, Curse Item, Scrying, Renounce Religion


You were on level 9 of the Dungeon.
You worshipped Ashenzari.
Ashenzari was pleased with you.
You visited 2 branches of the dungeon, and saw 10 of its levels.

You collected 517 gold pieces.

Inventory:

Hand Weapons
 x - a cursed +4 quarterstaff of chaos (weapon)
Armour
 l - a +3 leather armour (worn)
 q - a +0 pair of gloves (worn)
 r - a +2 kite shield
 y - a +0 cloak (worn)
Jewellery
 a - a ring of poison resistance (left hand)
Wands
 c - a wand of random effects (12)
 d - a wand of flame (26)
 s - a wand of digging (2)
 z - a wand of enslavement (6)
Scrolls
 b - a scroll of vulnerability {unknown}
 f - 2 scrolls of immolation {unknown}
 g - a scroll of random uselessness {unknown}
 h - 6 scrolls of identify {unknown}
 j - 6 scrolls of teleportation {unknown}
 k - a scroll of enchant armour {unknown}
 o - a scroll of amnesia {unknown}
 p - a scroll of blinking {unknown}
 w - a scroll of magic mapping {unknown}
Potions
 e - a potion of brilliance {unknown}
 i - 2 potions of curing
 m - 3 potions of flight
 n - a potion of mutation
 t - 2 potions of lignification
 u - a potion of haste {unknown}
 v - a potion of berserk rage


   Skills:
 + Level 8.1 Dodging
 - Level 2.4 Stealth
 - Level 1.7 Spellcasting
 + Level 6.6 Conjurations
 * Level 9.8 Fire Magic


You had 2 spell levels left.
You knew the following spells:

 Your Spells              Type           Power        Failure   Level
a - Foxfire               Conj/Fire      ###.         1%          1
b - Sticky Flame          Conj/Fire      ###.....     11%         4
c - Fireball              Conj/Fire      ###.......   30%         5

Your spell library contained the following spells:

 Spells                   Type           Power        Failure   Level
 Shock                    Conj/Air       ##..         9%          1
 Beastly Appendage        Tmut           #.....       30%         1
 Corona                   Hex            #......      30%         1
 Ensorcelled Hibernation  Hex/Ice        #.....       43%         2
 Swiftness                Air            #.......     43%         2
 Wereblood                Tmut           #.......     43%         2
 Conjure Flame            Conj/Fire      ###.....     3%          3
 Inner Flame              Hex/Fire       ##......     12%         3
 Dazzling Flash           Conj/Hex       ##....       24%         3
 Static Discharge         Conj/Air       ##......     24%         3
 Confusing Touch          Hex            #.......     67%         3
 Spider Form              Tmut/Pois      #.........   67%         3
 Tukima's Dance           Hex            #.......     67%         3
 Lightning Bolt           Conj/Air       ##........   92%         5
 Airstrike                Air            #.........   97%         4
 Ice Form                 Ice/Tmut       #.......     97%         4
 Blade Hands              Tmut           #.........   100%        5


Dungeon Overview and Level Annotations

Branches:
Dungeon (9/15)             Temple (1/1) D:5
   Lair: D:8-11         Orc: D:9-12

Altars:
Ashenzari
Cheibriados
Dithmenos
Elyvilon
Fedhas
Gozag
Hepliaklqana
Kikubaaqudgha
Makhleb
Nemelex Xobeh
Okawaru
Qazlal
Ru
Sif Muna
Trog
Uskayaw
Vehumet
Wu Jian
Xom
Yredelemnul
Zin
The Shining One

Shops:
D:8 ?}(

Annotations:
D:9 Gastronok


Innate Abilities, Weirdness & Mutations

You are resistant to damage.
You can heal yourself by infusing magical energy.
You passively map the area around you.
You do not regenerate.
You have sharp toenails.
Your flesh is cold resistant. (rC+)
You are dopey. (Int -2)


Message History

Casting: Foxfire (safe; 1% risk of failure)
Confirm with . or Enter, or press ? or * to list all spells.
You conjure some foxfire!
Casting: Foxfire (safe; 1% risk of failure)
Confirm with . or Enter, or press ? or * to list all spells.
You conjure some foxfire!
Gastronok gurgles.
Gastronok waves his eye-stalks in wide circles.
The air twists around and strikes you!!!
* * * LOW HITPOINT WARNING * * *
Casting: Foxfire (safe; 1% risk of failure)
Confirm with . or Enter, or press ? or * to list all spells.
You conjure some foxfire!
The foxfire hits Gastronok.
Gastronok is lightly wounded.
Your foxfire dissipates!
The foxfire hits Gastronok but does no damage.
Gastronok is lightly wounded.
Gastronok waves his eye-stalks in wide circles.
The air twists around and strikes you!!
You die...

#..####........
,
#.....§........,
, *
#.....§........
, ,
#.####§........
, # #§........
,, , ,
#.####§........
,,*
#.§§v§...######*
,, , ,
#...§§§v§######*
,,,,
#....§v@.§.....
#.....§.§§§§§.w,
,
###############
** * *


You could see Gastronok.

Vanquished Creatures
  Joseph (D:6)
  A troll (D:7)
  A wyvern (D:8)
  Eustachio (D:6)
  Menkaure (D:7)
  An orc warrior (D:7)
  An ice beast (D:9)
  A necrophage (D:8)
  4 sky beasts
  3 ogres
  5 centaurs
  3 bullfrogs
  A gnoll sergeant (D:7)
  3 scorpions
  3 howler monkeys
  A centaur zombie (D:7)
  A bullfrog zombie (D:5)
  A jelly (D:7)
  A bullfrog skeleton (D:8)
  A centaur skeleton (D:7)
  5 hounds
  2 orc priests (D:8)
  Crazy Yiuf (D:7)
  2 iguanas
  5 orc wizards
  7 worker ants
  A howler monkey zombie (D:3)
  3 worker ant zombies
  4 adders
  8 gnolls
  3 white imps
  An ufetubus (D:6)
  An adder skeleton (D:3)
  An adder zombie (D:8)
  A worm (D:3)
  2 leopard geckos
  33 orcs
  6 bats
  7 giant cockroaches
  7 goblins
  12 hobgoblins
  8 jackals
  5 quokkas
  7 frilled lizards
  A jackal zombie (D:5)
  8 kobolds
  A leopard gecko skeleton (D:3)
  2 leopard gecko zombies
  2 quokka skeletons
  A quokka zombie (D:8)
  7 rats
189 creatures vanquished.

Vanquished Creatures (collateral kills)
  7 foxfires (D:4)
7 creatures vanquished.

Vanquished Creatures (others)
  962 foxfires
  4 fungi (D:7)
  A plant (D:4)
967 creatures vanquished.

Grand Total: 1163 creatures vanquished

Notes
Turn   | Place    | Note
-------+----------+-------------------------------------------
     0 | D:1      | Lanoc the Deep Dwarf Fire Elementalist began the quest for
                  | the Orb.
     0 | D:1      | Reached XP level 1. HP: 15/15 MP: 3/3
    78 | D:1      | Reached skill level 1 in Conjurations
   302 | D:1      | Reached skill level 3 in Fire Magic
   302 | D:1      | Reached XP level 2. HP: 22/22 MP: 1/4
   657 | D:3      | Reached XP level 3. HP: 17/28 MP: 0/5
  1479 | D:3      | Found a broken altar of Ashenzari.
  1486 | D:3      | Became a worshipper of Ashenzari the Shackled
  1562 | D:3      | Reached XP level 4. HP: 36/36 MP: 2/6
  1905 | D:3      | Reached skill level 4 in Fire Magic
  2266 | D:4      | Reached XP level 5. HP: 29/42 MP: 1/7
  2442 | D:4      | Noticed an ogre
  2450 | D:4      | Killed an ogre
  2450 | D:4      | Reached XP level 6. HP: 45/49 MP: 0/8
  2641 | D:4      | Found a white marble altar of Elyvilon.
  2807 | D:4      | Reached skill level 5 in Fire Magic
  2837 | D:4      | Learned a level 4 spell: Sticky Flame
  3028 | D:4      | Found an ancient bone altar of Kikubaaqudgha.
  3524 | D:5      | Entered Level 5 of the Dungeon
  3662 | D:5      | Found a staircase to the Ecumenical Temple.
  3699 | Temple   | Entered the Ecumenical Temple
  4274 | D:5      | Noticed a sky beast
  4286 | D:5      | Killed a sky beast
  4286 | D:5      | Reached XP level 7. HP: 43/55 MP: 0/9
  4805 | D:6      | Reached * piety under Ashenzari
  4865 | D:6      | Found a glowing golden altar of the Shining One.
  4894 | D:6      | Reached skill level 6 in Fire Magic
  4948 | D:6      | Noticed Eustachio
  4953 | D:6      | Reached skill level 5 in Dodging
  4970 | D:6      | Killed Eustachio
  5229 | D:6      | Reached XP level 8. HP: 36/62 MP: 4/10
  5598 | D:6      | Reached skill level 7 in Fire Magic
  5946 | D:7      | Noticed Joseph
  5972 | D:6      | Killed Joseph
  6188 | D:7      | Found a broken altar of Ashenzari.
  6198 | D:7      | Reached skill level 5 in Conjurations
  6290 | D:7      | Reached skill level 8 in Fire Magic
  6463 | D:7      | Noticed Menkaure
  6564 | D:7      | Killed Menkaure
  6564 | D:7      | Gained mutation: You passively map the area around you.
                  | [Deep Dwarf growth]
  6564 | D:7      | Reached XP level 9. HP: 30/68 MP: 5/11
  6713 | D:7      | Noticed a troll
  6723 | D:7      | Killed a troll
  7460 | D:7      | Found a runed translucent door.
  7461 | D:7      | Noticed Crazy Yiuf
  7470 | D:7      | Killed Crazy Yiuf
  7653 | D:8      | Found Volou's Weapon Boutique.
  7678 | D:8      | Found a stormy altar of Qazlal.
  7678 | D:8      | Found an ornate altar of the Wu Jian Council.
  8128 | D:8      | Reached skill level 9 in Fire Magic
  8342 | D:8      | Found Gaynal's Magic Scroll Emporium.
  8733 | D:8      | Gained mutation: You have sharp toenails. [potion of
                  | mutation]
  8733 | D:8      | Gained mutation: You are dopey. (Int -2) [potion of
                  | mutation]
  8733 | D:8      | Gained mutation: Your flesh is cold resistant. (rC+)
                  | [potion of mutation]
  8820 | D:8      | Learned a level 5 spell: Fireball
  8880 | D:8      | Found a sacrificial altar of Ru.
  9252 | D:8      | Found Sinuux's Gadget Shop.
  9616 | D:9      | Reached ** piety under Ashenzari
  9730 | D:9      | Reached XP level 10. HP: 55/75 MP: 3/10
  9788 | D:9      | Noticed Gastronok
  9791 | D:9      | Killed from afar by Gastronok

Illustrated notes

Levels and vault maps discovered:
D:1:      matt_arrival_spirals, layout_loops_ring, serial_forest,
          infiniplex_forest_straight_5, infiniplex_forest_straight_2,
          infiniplex_forest_fountain, infiniplex_forest_end_3,
          infiniplex_forest_lined_1
D:2:      layout_basic
D:3:      layout_basic, lemuel_crystal_altar, serial_undead, serial_undead_c,
          serial_undead_b, serial_undead_a, serial_undead_e, serial_undead_d,
          serial_undead_d, minmay_vboxes
D:4:      corexii_shack_village, layout_cave_pools, kiku_gazebo_pond_becter,
          elyvilon_altar_5
D:5:      layout_basic, minmay_temple_entry_slanted
D:6:      layout_loops_corners, tso_metal_star, nicolae_water_bricks,
          uniq_eustachio
D:7:      layout_gridville, cheibrodos_ashenzari_chains, uniq_menkaure,
          uniq_crazy_yiuf_cottage, uniq_joseph
D:8:      layout_basic, lemuel_doored_altar, amethyst_overflow_temple_binary,
          serial_shops, kennysheep_little_box, nicolae_shop_behind_doors,
          nicolae_shop_crystal
D:9:      layout_stronghold, ebering_ghost_funeral_grove, uniq_gastronok
Temple:   eino_wide_crystal_templ

Skill      XL: |  1  2  3  4  5  6  7  8  9 |
---------------+----------------------------+-----
Conjurations   | 1 2 3 4 5 6 |  6.6
Fire Magic     | 3 4 5 6 8 9 |  9.8
Dodging        | 3 4 5 6 8 |  8.1
Stealth        | |  2.4
Spellcasting   | |  1.7

Action                   |  1- 3 |  4- 6 |  7- 9 | 10-12 || total
-------------------------+-------+-------+-------+-------++-------
Melee: Unarmed           |     1 |       |       |       ||     1
       Dagger            |    29 |    40 |    34 |       ||   103
       Quarterstaff      |       |       |    31 |       ||    31
       Kick              |       |       |     2 |       ||     2
 Cast: Foxfire           |    81 |   175 |   307 |     3 ||   566
       Sticky Flame      |       |       |     7 |       ||     7
Invok: Curse Item        |       |       |     1 |       ||     1
 Abil: Heal Wounds       |     1 |       |     4 |       ||     5
Evoke: Wand              |       |       |     1 |       ||     1
  Use: Potion            |     2 |     1 |    12 |       ||    15
 Stab: Invisible         |     1 |       |     2 |       ||     3
       Sleeping          |       |       |     3 |       ||     3
Armor: Robe              |     3 |     4 |       |       ||     7
       Leather armour    |       |    13 |    36 |       ||    49
Dodge: Dodged            |    30 |    58 |   104 |       ||   192

Table legend: (Time is in decaauts)
 A = Elapsed time spent in this place.
 B = Non-inter-level travel time spent in this place.
 C = Inter-level travel time spent in this place.
 D = Time resting spent in this place.
 E = Time spent auto-exploring this place.
 F = Levels seen in this place.
 G = Mean time per level.
                   A        B        C        D        E       F      G
               +--------+--------+--------+--------+--------+-----+--------+
         Total |   9810 |   9679 |    131 |    216 |   7789 |  10 |  981.0 |
       Dungeon |   9688 |   9578 |    110 |    216 |   7689 |   9 | 1076.4 |
        Temple |    122 |    101 |     21 |      0 |    100 |   1 |  122.0 |
               +--------+--------+--------+--------+--------+-----+--------+

Top non-repeatable levels by time:
     D:8: 1763 daAuts
     D:3: 1597 daAuts
     D:6: 1540 daAuts
     D:7: 1529 daAuts
     D:4: 1304 daAuts
     D:5: 809 daAuts
     D:9: 522 daAuts
     D:1: 450 daAuts
     D:2: 170 daAuts
  Temple: 122 daAuts
